 Dungeon Crawl Stone Soup version 0.14-a0-1765-g49ce880 (webtiles) character file.

806 M4edhros the Hoplite (level 7, -7/46 HPs)
             Began as an Octopode Fighter on Jan 5, 2014.
             Mangled by a centaur (8 damage)
             ... on Level 5 of the Dungeon.
             The game lasted 00:07:04 (3447 turns).

M4edhros the Hoplite (Octopode Fighter)             Turns: 3447, Time: 00:07:05

HP  -7/46        AC  1     Str 15      XL: 7   Next: 37%
MP  16/16        EV 11     Int 13      God:
Gold 221         SH 21     Dex 11      Spells:  0 memorised,  6 levels left

rFire  . . .     SeeInvis .     a - +0 trident
rCold  . . .     Clarity  .     c - +0 shield
rNeg   . . .     Conserve .     (helmet restricted)
rPois  .         rCorr    .     e - amulet of the gourmand
rElec  .         rRot     .     b - cursed ring of protection from magic
SustAb . .       Spirit   .     f - ring of magical power
rMut   .         Warding  .     i - ring of hunger
Gourm  +         Stasis   .     (no ring)
                                (no ring)
                                (no ring)
                                (no ring)
                                (no ring)

@: quite resistant to hostile enchantments, fairly stealthy
A: almost no armour, amphibious, 8 rings, constrict 8, camouflage 1, gelatinous
body 1
a: no special abilities


You were on level 5 of the Dungeon.
You were not hungry.

You visited 1 branch of the dungeon, and saw 5 of its levels.

You collected 221 gold pieces.

Inventory:

Hand weapons
 a - a +0,+0 trident (weapon)
 j - a +0,+0 sling
Missiles
 k - 45 stones (quivered)
Armour
 c - a +0 shield (worn)
Comestibles
 d - 3 bread rations
 l - an orange
Scrolls
 g - a scroll of fear {unknown}
 h - 3 scrolls of enchant armour {unknown}
 m - a scroll of amnesia
Jewellery
 b - a cursed ring of protection from magic (left tentacle)
 e - an amulet of the gourmand (around mantle)
 f - a ring of magical power (right tentacle)
 i - a ring of hunger (on tentacle)
 o - an uncursed amulet of resist corrosion


   Skills:
 - Level 3.0 Fighting
 - Level 2.0 Polearms
 - Level 3.0 Dodging
 + Level 8.3 Shields


You had 6 spell levels left.
You didn't know any spells.

Dungeon Overview and Level Annotations

Branches:
Dungeon (5/16)
 Temple: D:4-7

Altars:
Elyvilon
Fedhas
Kikubaaqudgha
Makhleb
Nemelex Xobeh
Xom
the Shining One


Innate Abilities, Weirdness & Mutations

You cannot wear most types of armour.
You are amphibious.
You can wear up to eight rings at the same time.
You can use your tentacles to constrict many enemies at once.
Your skin changes colour to match your surroundings (Stlth).
Your rubbery body absorbs attacks (AC +1).


Message History

* * * LOW HITPOINT WARNING * * *
The centaur closely misses you.
You barely miss the centaur.
You squeeze the centaur, but do no damage.
The centaur is heavily wounded.
The centaur closely misses you. The centaur barely misses you.
You hit the centaur.
The centaur is severely wounded.
You block the centaur's attack. The centaur hits you!
* * * LOW HITPOINT WARNING * * *
Read which item? (? for menu, Esc to quit)
Okay, then.
Evoke which item? (* to show all) (? for menu, Esc to quit)
Okay, then.
You aren't carrying any potions.
You don't know any spells.
You barely miss the centaur.
The centaur is severely wounded.
The centaur closely misses you. The centaur hits you!
You die...

#......# #...# ##.###.## #
#.##.#.######...########.#.#####
##.##.#.#......................##
...#...........(....(.....##.#...
##.....[#......%())....#........#
#......######...#####.#.....#.##
#.#....# #..(# #.#.##..#.##
#.#....# #.c.# #.........##
#.#))..# #..@#######..(....#)
##.#..#.# #....()).##.##.##.#.
........# ########.##.##..[.#.
##....### #.##.####..#. ###.#.#
### ##### #.##.####..#.
......###.#####...# #.##.........
.##.#.)..#......#.# #)##########.
....#.###.#####...# #.# ##
#####.# ### ##.####.#####


You could see a centaur.

Vanquished Creatures
  An ogre (D:4)
  A crimson imp (D:5)
  6 orc wizards
  A scorpion (D:4)
  An orc priest (D:5)
  A worker ant (D:4)
  An iguana (D:5)
  2 sky beast zombies (D:5)
  A giant mite (D:4)
  6 adders
  An ooze (D:4)
  25 orcs
  10 bats
  A giant cockroach (D:2)
  3 goblins
  3 hobgoblins
  3 jackals (D:4)
  2 quokkas
  4 giant newts
  8 kobolds
  A kobold skeleton (D:4)
  A kobold zombie (D:5)
  8 rats
91 creatures vanquished.

Vanquished Creatures (others)
  A human (D:2)
1 creature vanquished.

Grand Total: 92 creatures vanquished

Notes
Turn   | Place    | Note
--------------------------------------------------------------
     0 | D:1      | M4edhros, the Octopode Fighter, began the quest for the Orb.
     0 | D:1      | Reached XP level 1. HP: 16/16 MP: 1/1
   314 | D:2      | Reached XP level 2. HP: 19/21 MP: 1/2
   577 | D:2      | Reached skill level 4 in Shields
   735 | D:2      | Reached XP level 3. HP: 18/26 MP: 3/3
   847 | D:2      | Found an ancient bone altar of Kikubaaqudgha.
   847 | D:2      | Noticed a human
   850 | D:2      | Killed a human
  1190 | D:3      | Reached XP level 4. HP: 27/31 MP: 4/4
  1225 | D:4      | Noticed an ogre
  1351 | D:4      | Found a shimmering altar of Xom.
  1361 | D:4      | Found a shimmering altar of Xom.
  1361 | D:4      | Found a shimmering altar of Xom.
  1361 | D:4      | Found a shimmering altar of Xom.
  1477 | D:4      | Reached skill level 5 in Shields
  1672 | D:4      | Found a shimmering altar of Xom.
  1824 | D:4      | Reached XP level 5. HP: 22/36 MP: 5/5
  2040 | D:4      | Killed an ogre
  2040 | D:4      | Reached skill level 6 in Shields
  2040 | D:4      | Reached XP level 6. HP: 28/42 MP: 6/6
  2081 | D:4      | Found a white marble altar of Elyvilon.
  2446 | D:5      | Entered Level 5 of the Dungeon
  2454 | D:5      | Found a glowing golden altar of the Shining One.
  2459 | D:5      | Found a sparkling altar of Nemelex Xobeh.
  2460 | D:5      | Found a burning altar of Makhleb.
  2461 | D:5      | Found a blossoming altar of Fedhas.
  2534 | D:5      | Reached skill level 7 in Shields
  2985 | D:5      | Reached XP level 7. HP: 43/46 MP: 7/7
  3167 | D:5      | Reached skill level 8 in Shields
  3446 | D:5      | HP: 1/46 [centaur (7)]
  3447 | D:5      | Mangled by a centaur

Action                   |  1- 3 |  4- 6 |  7- 9 || total
-------------------------+-------+-------+-------++-------
Melee: Trident           |    57 |   147 |    73 ||   277
 Fire: Sling             |     2 |       |       ||     2
  Use: Scroll            |     5 |     4 |     1 ||    10
       Potion            |     4 |     1 |     6 ||    11
 Stab: Sleeping          |     3 |     1 |     1 ||     5
       Distracted        |       |       |     1 ||     1
